Map: Золотые столпы РВ

Players

GeNieS - Winner!

  • Race: Protoss Protoss
  • League: Grandmaster
  • Spawn Location: 7:00

IIIIIIIIIIII

  • Race: Terran Terran
  • League: Grandmaster
  • Spawn Location: 1:00

VOD

Have the link to the VOD?

Description

Time

  • Played on: Jan. 14, 2021, 6:49 a.m.
  • Length: 5:56
Show
View Real Time Build Order
Export as new Build Order

GeNieS Protoss - Winner!

Build Orders: 1 Gate Expand 

Get SALT Encoding   

  12  0:00  Probe  
  13  0:12  Probe  
  14  0:17  Pylon  
  14  0:24  Probe (Chrono Boost)  
  15  0:29  Assimilator  
  15  0:37  Probe (Chrono Boost)  
  16  0:43  Probe (Chrono Boost)  
  16  0:47  Gateway  
  17  0:51  Probe  
  18  1:03  Probe  
  19  1:23  Nexus  
  19  1:35  Cybernetics Core  
  19  1:40  Zealot  
  21  1:48  Pylon  
  21  1:51  Probe  
  22  1:56  Assimilator  
  22  2:03  Probe  
  23  2:08  Adept (Chrono Boost)  
  25  2:17  Stargate  
  25  2:20  Probe  
  26  2:26  Warp Gate  
  26  2:32  Probe  
  26  2:35  Probe  
  28  2:45  Probe  
  28  2:47  Probe  
  30  2:54  Void Ray (Chrono Boost)  
  30  2:57  Probe  
  31  2:59  Pylon  
  31  3:04  Probe  
  34  3:09  Probe  
  34  3:11  Assimilator  
  33  3:16  Probe  
  34  3:21  Void Ray (Chrono Boost), Probe  
  35  3:28  Probe  
  35  3:33  Probe  
  41  3:40  Probe  
  42  3:45  Probe  
  42  3:48  Void Ray (Chrono Boost)  
  43  3:52  Pylon  
  43  3:54  Probe  
  48  3:57  Probe  
  48  3:59  Assimilator  
  49  4:06  Probe  
  50  4:10  Twilight Council  
  50  4:12  Void Ray (Chrono Boost), Probe  
  55  4:20  Probe  
  56  4:33  Probe x2  
  58  4:43  Void Ray (Chrono Boost)  
  62  4:55  Robotics Facility  
  62  4:58  Gateway  
  62  5:00  Gateway  
  62  5:02  Pylon  
  62  5:03  Shield Battery  
  62  5:07  Pylon  
  62  5:20  Probe x2  
  64  5:24  Nexus  
  64  5:32  Probe  
Show
View Real Time Build Order
Export as new Build Order

IIIIIIIIIIII Terran 

Build Orders:  

Get SALT Encoding   

  12  0:00  SCV  
  13  0:12  SCV  
  14  0:18  Supply Depot  
  14  0:24  SCV  
  15  0:39  SCV  
  15  0:40  Barracks  
  16  0:46  Refinery  
  16  0:51  SCV  
  17  1:03  SCV  
  18  1:15  SCV  
  19  1:28  Barracks Reactor, Orbital Command  
  19  1:43  Command Center  
  19  1:54  SCV  
  19  2:01  Supply Depot  
  20  2:04  Marine x2  
  20  2:06  SCV  
  23  2:14  Factory  
  23  2:21  Refinery  
  23  2:22  SCV  
  24  2:25  Marine  
  24  2:26  Marine  
  26  2:34  SCV  
  27  2:43  Marine  
  28  2:44  Marine  
  28  2:46  SCV  
  30  2:55  Orbital Command  
  30  2:57  Bunker  
  30  3:00  Factory Tech Lab  
  30  3:04  Marine  
  30  3:05  Marine  
  30  3:10  SCV  
  30  3:13  Starport  
  30  3:22  Siege Tank  
  30  3:26  Marine  
  34  3:27  Marine  
  34  3:31  SCV  
  34  3:32  SCV  
  37  3:37  Supply Depot  
  37  3:43  Marine  
  37  3:44  SCV  
  37  3:45  Marine, SCV  
  41  3:51  Medivac  
  41  3:55  Siege Tank  
  46  3:59  Supply Depot  
  46  4:03  Marine x2  
  46  4:05  SCV x2  
  46  4:08  Supply Depot  
  51  4:17  SCV x2  
  51  4:20  Marine  
  51  4:22  Starport Tech Lab  
  54  4:28  Marine  
  54  4:29  SCV x2  
  54  4:30  Cyclone  
  52  4:33  Viking  
  52  4:37  Supply Depot  
  54  4:45  SCV  
  54  4:53  Barracks Reactor, SCV  
  54  4:59  SCV  
  55  5:02  Command Center  
  55  5:05  SCV  
  59  5:08  Siege Tank  
  59  5:11  SCV  
  59  5:12  Viking  
  62  5:16  Bunker  
  62  5:23  Supply Depot  
  62  5:25  Supply Depot  
  62  5:30  SCV x2  
  62  5:32  Barracks  
  62  5:33  Marine  
  62  5:34  Marine  
  62  5:35  Barracks  
  61  5:42  SCV  
  59  5:43  SCV  
Tags
 
Add a new tag
Caveats
  • Supply blocks, unpowered buildings, or Contaminate may cause inaccurate times.
  • Supply counts are checked every 10 seconds.